Map: Seething Jungle

Players

Grumm - Winner!

  • Race: Zerg Zerg
  • League: Gold
  • Spawn Location: 12:00

Jéssica - Winner!

  • Race: Terran Terran
  • Spawn Location: 1:00

DaMuslimII

  • Race: Terran Terran
  • League: Gold
  • Spawn Location: 6:00

Judorange

  • Race: Terran Terran
  • League: Silver
  • Spawn Location: 7:00

VOD

Have the link to the VOD?

Description

Time

  • Played on: Jan. 9, 2016, 4:20 p.m.
  • Length: 17:09
Show
View Real Time Build Order
Export as new Build Order

Grumm Zerg - Winner!

Build Orders: Pool First 

Get SALT Encoding   

  12  0:01  Drone  
  13  0:11  Drone  
  14  0:17  Overlord  
  14  0:34  Spawning Pool  
  13  0:38  Drone  
  14  0:44  Drone x2  
  16  0:52  Drone  
  17  1:00  Extractor  
  17  1:01  Drone  
  17  1:18  Hatchery  
  16  1:19  Drone  
  17  1:30  Queen  
  19  1:35  Zergling x2  
  20  1:41  Zergling x2  
  21  1:50  Drone, Extractor  
  21  2:01  Drone  
  22  2:19  Overlord x2  
  22  2:24  Roach Warren  
  22  2:26  Spine Crawler  
  20  2:33  Drone x2  
  22  2:45  Lair  
  22  2:51  Drone x2  
  24  2:58  Spine Crawler  
  23  2:59  Drone  
  24  3:11  Roach  
  24  3:12  Roach  
  28  3:20  Drone  
  28  3:21  Drone  
  30  3:32  Drone  
  30  3:33  Drone x3  
  34  3:43  Queen  
  36  3:53  Roach x3  
  40  4:23  Roach x4  
  40  4:24  Roach  
  40  4:47  Drone  
  40  4:48  Drone x3, Overlord x2  
  44  5:08  Drone  
  44  5:09  Drone x3  
  44  5:13  Extractor  
  47  5:28  Roach, Extractor  
  46  5:29  Overlord, Roach x6  
  46  5:32  Overseer  
  60  5:37  Spore Crawler  
  60  5:39  Metabolic Boost, Spore Crawler  
  58  5:47  Zergling x4, Glial Reconstitution  
  60  5:53  Burrow  
  60  6:18  Zergling x2  
  60  6:19  Zergling x14  
  68  6:31  Overlord x2  
  68  6:37  Nydus Network  
  67  6:45  Drone  
  68  6:51  Evolution Chamber  
  67  7:03  Roach x7  
  81  7:09  Overlord  
  81  7:50  Overlord x2  
  81  8:11  Nydus Canal  
  81  8:14  Zergling x2  
  81  8:15  Zergling x18  
  91  8:36  Drone x2  
  93  8:52  Overseer  
  93  8:53  Drone  
  93  8:54  Drone x3  
  97  8:56  Hatchery  
  93  9:26  Overseer  
  87  9:43  Nydus Canal  
  87  9:58  Roach  
  87  9:59  Roach  
  90  10:24  Nydus Canal  
  90  10:36  Overlord  
  90  10:37  Overlord x5  
  89  10:49  Drone x2  
  83  10:51  Queen  
  83  10:54  Drone x3  
  84  11:05  Zerg Melee Weapons Level 1  
  84  11:09  Evolution Chamber  
  84  11:10  Drone x5, Infestation Pit  
  86  11:44  Roach  
  86  11:45  Roach x11  
  101  12:28  Nydus Canal  
  100  13:04  Zergling x24  
  100  13:05  Zergling x16  
  76  13:21  Zergling x16  
  82  13:35  Swarm Host  
  91  13:49  Nydus Canal  
  91  14:03  Nydus Canal  
  91  14:17  Nydus Canal  
  91  14:23  Roach  
  91  14:24  Roach x19  
  116  14:47  Roach x10  
  130  15:05  Extractor  
  129  15:07  Extractor  
  123  15:41  Zergling x26  
  123  15:42  Zergling x4  
  120  15:58  Swarm Host  
  120  15:59  Swarm Host x5  
  120  16:00  Overlord x2  
  120  16:01  Overlord x3  
  130  16:16  Zergling x12  
  130  16:17  Zergling x6  
Show
View Real Time Build Order
Export as new Build Order

Jéssica Terran - Winner!

Build Orders:  

Get SALT Encoding   

  12  0:03  SCV  
  13  0:15  Supply Depot  
  13  0:21  SCV  
  14  0:35  SCV  
  15  0:48  Barracks  
  15  0:49  SCV  
  16  1:15  Command Center  
  16  1:19  SCV  
  16  1:23  Refinery  
  17  1:31  SCV  
  18  1:37  Barracks  
  18  1:41  Marine  
  19  1:48  Refinery  
  19  1:52  SCV  
  20  2:00  Marine  
  21  2:12  SCV  
  21  2:13  Barracks  
  22  2:23  Supply Depot  
  22  2:37  Engineering Bay  
  22  2:38  Marine  
  23  2:50  Orbital Command  
  23  3:01  SCV  
  24  3:06  Barracks Tech Lab  
  24  3:07  Barracks Reactor  
  24  3:10  Barracks Reactor  
  24  3:13  SCV  
  25  3:22  Refinery  
  25  3:23  Refinery  
  25  3:25  SCV  
  26  3:27  Marine  
  26  3:32  Combat Shields  
  27  3:36  SCV  
  28  3:42  Missile Turret  
  28  3:47  Marine x2  
  30  3:53  Marauder  
  30  3:55  Marine  
  33  3:57  Marine  
  34  4:04  Marine  
  34  4:05  Marine  
  36  4:12  Marine  
  36  4:14  Marine x2  
  39  4:26  Marine x2  
  39  4:30  Marine  
  36  4:51  Marine  
  36  4:52  Marauder  
  36  5:03  Marine x2  
  37  5:14  Marauder  
  39  5:18  SCV x2  
  41  5:26  Command Center  
  41  5:29  Concussive Shells  
  41  5:31  SCV  
  41  5:35  Marauder, SCV  
  45  5:36  Factory  
  45  5:43  SCV  
  46  5:54  Terran Infantry Weapons Level 1  
  46  5:59  Marine  
  46  6:00  Supply Depot  
  46  6:01  Marine  
  46  6:02  Supply Depot  
  46  6:04  Marauder  
  46  6:21  Marine x2  
  46  6:22  Factory Tech Lab  
  46  6:24  Marine  
  51  6:25  Marauder  
  51  6:33  Starport  
  51  6:34  Starport  
  51  6:37  Supply Depot  
  51  6:39  Supply Depot  
  51  6:41  Planetary Fortress  
  53  6:47  Marauder  
  53  6:49  Missile Turret  
  53  7:03  Siege Tank  
  56  7:14  Missile Turret, SCV  
  57  7:21  Marine x2  
  57  7:22  Medivac x2, Marauder  
  65  7:30  Planetary Fortress  
  65  7:43  Marauder  
  67  7:50  Marine  
  67  7:51  Marine  
  69  7:53  Siege Tank  
  69  7:54  Marine  
  73  8:05  Marauder  
  75  8:07  SCV  
  75  8:12  Stimpack  
  76  8:16  Medivac  
  76  8:19  SCV  
  79  8:25  Siege Tank  
  79  8:26  Marauder  
  84  8:27  Medivac  
  84  8:31  SCV  
  84  8:34  Marine x3  
  90  8:43  SCV  
  90  8:46  Medivac  
  93  8:59  Barracks  
  93  9:02  Supply Depot  
  93  9:03  Supply Depot  
  93  9:04  Supply Depot  
  93  9:05  Barracks  
  93  9:24  Medivac, Marauder, Marine, SCV  
  93  9:27  Starport Reactor  
  99  9:35  Refinery  
  99  9:36  SCV  
  100  9:38  Refinery  
  100  9:40  Missile Turret  
  100  9:44  Marine  
  101  9:46  Marauder  
  101  9:48  SCV  
  104  10:00  SCV  
  104  10:02  Missile Turret  
  107  10:07  Marauder  
  107  10:12  SCV  
  108  10:18  Liberator  
  108  10:19  Liberator  
  110  10:28  Marauder  
  116  11:04  Marine  
  117  11:30  Liberator x2  
  117  11:44  Marine x2  
  117  11:45  Marine  
  117  11:46  Viking  
  117  11:47  Marauder  
  116  11:53  Marine  
  116  11:54  Marine x2  
  108  11:58  Siege Tank  
  107  12:01  Marine  
  107  12:02  Marine  
  107  12:03  Marine  
  107  12:08  Marauder  
  110  12:11  Marine  
  110  12:12  Marine x2  
  113  12:16  Viking  
  113  12:19  Marine  
  113  12:20  Marine  
  117  12:33  Marine  
  117  12:34  Marauder, Marine x3  
  117  12:35  Viking  
  117  12:50  Missile Turret  
  117  12:52  Missile Turret  
  117  13:01  Marine  
  117  13:05  Marine x2  
  117  13:06  Marine  
  117  13:07  Marine  
  117  13:15  Supply Depot  
  117  13:19  Supply Depot  
  117  13:20  Marine  
  117  13:29  Marauder, Marine x3  
  117  13:30  Viking  
  117  13:40  Viking, Marine, Siege Tank  
  116  13:47  Marine x2  
  112  13:50  Marauder  
  94  14:12  Marauder  
  96  14:19  Command Center  
  89  14:48  Marine  
  89  14:49  Marine x5  
  95  15:06  Marine x4  
  95  15:07  Marine x2  
  97  15:12  Missile Turret  
  101  15:24  Marine  
  99  15:45  Marine  
  99  15:46  Marine x5  
  105  16:03  Marine  
  106  16:44  Marine x6  
Show
View Real Time Build Order
Export as new Build Order

DaMuslimII Terran 

Build Orders: MMM Bio 

Get SALT Encoding   

  12  0:01  SCV  
  13  0:13  SCV  
  14  0:18  Supply Depot  
  14  0:25  SCV  
  15  0:40  SCV  
  16  0:52  SCV  
  16  0:56  Barracks  
  17  1:04  SCV  
  17  1:07  Barracks  
  18  1:16  SCV  
  18  1:18  Barracks  
  19  1:28  SCV  
  19  1:30  Supply Depot  
  20  1:37  Refinery  
  20  1:40  SCV  
  20  1:44  Marine  
  22  1:53  Orbital Command  
  22  1:56  Marine  
  23  2:01  Marine  
  23  2:06  Engineering Bay  
  24  2:09  Marine  
  24  2:14  Marine  
  26  2:19  Marine  
  27  2:29  Barracks Tech Lab  
  27  2:35  Barracks Reactor  
  28  2:37  Marine, SCV  
  28  2:40  Refinery  
  28  2:43  Supply Depot  
  29  2:49  Marauder  
  31  3:05  SCV  
  32  3:07  Supply Depot  
  32  3:08  Barracks Reactor  
  32  3:10  Marine  
  33  3:17  SCV  
  34  3:28  Marine  
  34  3:29  Supply Depot, SCV  
  34  3:31  Marine x2  
  38  3:41  SCV  
  38  3:42  Stimpack  
  38  3:46  Marauder  
  41  3:49  Marine x2  
  41  3:51  Supply Depot  
  43  3:56  Terran Infantry Weapons Level 1  
  43  3:57  Marine x2  
  45  4:07  Marine x3  
  45  4:09  Missile Turret  
  48  4:14  Supply Depot  
  48  4:15  Marine  
  47  4:25  Marine  
  40  4:53  Marine x4  
  42  5:04  Marine  
  42  5:11  Marine x4  
  42  5:22  Marine  
  42  5:27  Factory  
  43  5:28  Marine  
  43  5:29  Factory, Marine x3  
  47  5:40  Marauder  
  49  5:43  Combat Shields  
  49  5:44  Bunker  
  49  5:46  Marine  
  50  5:58  Command Center, Terran Infantry Armor Level 1  
  49  6:12  Factory Tech Lab  
  49  6:13  Factory Tech Lab  
  49  6:14  Bunker  
  49  6:21  Starport  
  52  6:32  Siege Tank  
  52  6:34  Siege Tank  
  55  6:40  SCV  
  56  6:52  SCV  
  57  7:04  Siege Tank  
  60  7:10  Starport Reactor  
  60  7:15  Orbital Command  
  60  7:18  Marine x2  
  60  7:19  Marauder, Marine x2  
  66  7:32  Armory  
  66  7:36  Engineering Bay, Marine x4  
  69  7:40  Marauder  
  72  7:45  Orbital Command  
  72  7:53  Medivac  
  74  8:01  Marine  
  74  8:02  Command Center  
  75  8:16  SCV x2  
  77  8:28  SCV  
  77  8:32  Medivac  
  80  8:37  Refinery  
  80  8:49  Medivac  
  82  8:58  SCV x2  
  84  9:09  Missile Turret  
  84  9:10  SCV x2  
  84  9:16  Missile Turret  
  86  9:22  Marine  
  86  9:23  Marauder, Marine x3  
  92  9:36  SCV x3  
  95  9:40  Marine  
  95  9:41  Marine  
  95  9:42  Supply Depot  
  95  9:44  Marauder  
  99  10:12  Marauder, Marine x4  
  105  10:30  Marine x4  
  109  10:57  Marauder  
  109  11:18  Marauder  
  109  11:44  Marine  
  100  12:06  Marine  
  100  12:08  Marauder  
  89  12:29  Marauder  
  87  12:51  Marauder  
  33  13:49  Marine  
  34  14:01  Marine  
    15:23  Orbital Command  
    15:40  Marine x2  
  2  15:58  Marine  
  3  16:15  Marine  
  4  16:24  SCV  
  2  16:36  SCV  
Show
View Real Time Build Order
Export as new Build Order

Judorange Terran 

Build Orders: MMM Bio 

Get SALT Encoding   

  12  0:10  Supply Depot  
  12  0:19  SCV  
  13  0:24  Refinery  
  13  0:31  SCV  
  14  0:42  Barracks  
  14  0:45  SCV  
  15  0:57  SCV  
  16  1:09  SCV  
  17  1:14  Barracks  
  17  1:20  Supply Depot  
  17  1:36  Orbital Command  
  17  1:39  Barracks Tech Lab  
  17  1:55  Barracks  
  17  2:00  Combat Shields  
  17  2:06  SCV  
  18  2:11  Marine  
  19  2:22  Marine  
  20  2:28  Supply Depot  
  20  2:29  Supply Depot, Marine  
  21  2:39  Marine  
  21  2:42  Marine  
  23  2:47  Marine  
  24  2:56  Engineering Bay  
  24  2:57  Supply Depot  
  24  2:58  Marauder  
  26  3:00  Marine  
  26  3:05  Marine  
  28  3:18  Marine  
  28  3:19  Stimpack, Marine  
  30  3:23  Marine  
  31  3:36  Marine x2  
  33  3:41  Marine  
  34  3:52  Refinery, SCV  
  34  3:54  Marine x2  
  37  3:59  Marine  
  38  4:11  Marine  
  38  4:12  Marine  
  39  4:17  Marine  
  35  4:29  Marine  
  35  4:30  Marine  
  33  4:35  Command Center  
  33  4:37  Marine  
  31  4:47  Marine  
  31  4:48  Marauder  
  30  5:10  Marauder  
  29  5:24  Barracks Tech Lab  
  29  5:25  Barracks Reactor  
  29  5:27  Terran Infantry Weapons Level 1  
  28  5:31  Marauder  
  28  5:32  SCV  
  27  5:44  SCV  
  28  5:52  Factory, Marauder  
  28  5:56  SCV  
  31  6:07  Orbital Command  
  31  6:14  Marauder  
  31  6:16  SCV  
  33  6:26  Concussive Shells  
  33  6:27  Marine x3  
  33  6:28  SCV  
  38  6:32  SCV  
  38  6:44  SCV  
  38  6:46  Starport  
  39  6:52  Starport  
  39  6:56  Refinery  
  39  6:57  SCV  
  39  6:58  Refinery  
  39  6:59  Marine x2  
  42  7:07  Barracks Reactor  
  42  7:09  SCV  
  43  7:17  Marine  
  43  7:21  Terran Infantry Armor Level 1, SCV  
  45  7:25  Starport Tech Lab  
  45  7:26  Armory  
  45  7:33  SCV  
  46  7:39  Missile Turret  
  46  7:45  SCV  
  46  7:47  Missile Turret  
  47  7:57  SCV  
  48  8:02  Missile Turret  
  48  8:05  Supply Depot  
  48  8:27  Marauder, Marine x4  
  50  8:34  Viking  
  56  8:36  Terran Ship Weapons Level 1  
  56  8:44  Fusion Core  
  56  8:45  Marine  
  56  8:48  Marauder, SCV  
  60  9:00  SCV  
  61  9:06  Supply Depot  
  61  9:10  Supply Depot  
  61  9:12  SCV  
  61  9:14  Command Center  
  63  9:24  SCV  
  63  9:26  Marine x2  
  63  9:27  Marine  
  63  9:28  Marauder  
  68  9:32  Battlecruiser  
  68  9:35  Weapon Refit  
  74  9:45  Bunker  
  74  9:49  Marauder  
  76  10:06  Battlecruiser  
  82  10:09  SCV  
  82  10:10  Marauder  
  85  10:21  SCV  
  86  10:38  Orbital Command  
  86  10:41  Missile Turret  
  64  11:09  Marine  
  64  11:10  Marine x4  
  56  11:18  SCV  
  57  11:27  Marine  
  57  11:28  Marauder  
  57  11:31  SCV  
  61  11:37  Orbital Command  
  61  11:43  SCV  
  62  11:50  Marauder  
  64  11:55  Marine, SCV  
  64  11:56  Marine x3  
  69  12:05  SCV  
  69  12:07  SCV  
  71  12:11  Marauder, Refinery  
  71  12:13  Marine  
  74  12:17  SCV  
  76  12:32  Marauder  
  76  12:34  Refinery  
  77  12:39  Orbital Command  
  77  12:42  Marine x2  
  79  12:54  Marauder  
  81  13:23  Battlecruiser x2  
  69  13:57  SCV  
  68  14:09  SCV  
  68  14:21  SCV  
  67  14:33  SCV  
  68  14:44  SCV  
  61  14:45  SCV  
  53  14:56  SCV  
  53  14:57  SCV  
  55  15:08  SCV  
  55  15:09  SCV  
  55  15:13  Command Center  
  52  15:18  Marine x3  
  52  15:19  Reaper x2  
  7  16:14  Widow Mine  
Tags
 
Add a new tag
Caveats
  • Supply blocks, unpowered buildings, or Contaminate may cause inaccurate times.
  • Supply counts are checked every 10 seconds.